 Dungeon Crawl Stone Soup version 0.31-a0-232-gb1c03b2570 (webtiles) character file.

Game seed: 17788934449105427366

81 qw the Shooter (level 4, 0/26 HPs)
             Began as a Gargoyle Hexslinger on July 7, 2023.
             Slain by a gnoll
             ... wielding a +0 halberd
              (9 damage)
             ... on level 2 of the Dungeon.
             The game lasted 00:00:30 (1106 turns).

qw the Shooter (Gargoyle Hexslinger)                Turns: 1106, Time: 00:00:30

Health: 0/26       AC:  5    Str: 11    XL:     4   Next: 40%
Magic:  5/5        EV: 12    Int: 14    God:
Gold:   105        SH:  0    Dex: 14    Spells: 4/5 levels left

rFire   . . .        Y - +1 sling
rCold   . . .        (no shield)
rNeg    + . .        c - +0 robe
rPois   inf          (no helmet)
rElec   +            (no cloak)
rCorr   .            (no gloves)
SInv    .            (no boots)
Will    .....        (no amulet)
Stlth   +            (no ring)
HPRegen 0.24/turn    (no ring)
MPRegen 0.09/turn

%: no passive effects
@: no status effects
A: sickness immunity, AC +3, negative energy resistance 1, electricity
resistance, torment resistance 1, petrification resistance
a: no special abilities


You were on level 2 of the Dungeon.
You visited 1 branch of the dungeon, and saw 2 of its levels.

You collected 105 gold pieces.


Innate Abilities, Weirdness & Mutations

You are immune to sickness and miasma.
Your stone body is resilient. (AC +3)
You are immune to poison.
You resist negative energy. (rN+)
You are resistant to electric shocks. (rElec)
You are resistant to unholy torment.
You are immune to petrification.


   Skills:
 - Level 2.0 Fighting
 + Level 4.2 Ranged Weapons
 - Level 1.5 Dodging
 - Level 1.0 Spellcasting
 - Level 2.6 Hexes


You had 4 spell levels left.
You knew the following spells:

 Your Spells              Type           Power      Damage    Failure   Level
a - Slow                  Hex            32%        N/A       9%          1

Your spell library contained the following spells:

 Spells                   Type           Power      Damage    Failure   Level
 Inner Flame              Hex/Fire       4%         N/A       41%         3
 Portal Projectile        Hex/Tloc       8%         N/A       41%         3
 Cause Fear               Hex            4%         N/A       65%         4

Inventory:

Hand Weapons
 Y - a +1 sling (weapon)
Armour
 c - a +0 robe (worn)
Jewellery
 f - a ring of resist corrosion
Scrolls
 a - a scroll of enchant weapon {unknown}
 b - a scroll of identify
 g - a scroll of fear {unknown}
Potions
 d - a potion of attraction {unknown}
 e - a potion of lignification {unknown}
 j - a potion of might

Dungeon Overview and Level Annotations

Branches:
Dungeon (2/15)

Altars:

Shops:
D:1 :


Message History

You shoot a sling bullet. The sling bullet hits the gnoll.
The gnoll is severely wounded.
A gnoll comes into view. It is wielding a +0 hand axe.
You shoot a sling bullet. The sling bullet hits the gnoll.
You kill the gnoll!
An endoplasm comes into view.
Your Ranged Weapons skill increases to level 4!
You shoot a sling bullet.
The sling bullet closely misses the gnoll.
The endoplasm quivers.
The sling bullet hits the gnoll but does no damage.
The gnoll hits you from afar with a +0 halberd.
You shoot a sling bullet.
The sling bullet barely misses the gnoll.
The sling bullet hits the gnoll.
The gnoll is heavily wounded.
The gnoll barely misses you.
You shoot a sling bullet.
The sling bullet completely misses the gnoll.
The sling bullet hits the gnoll.
The gnoll is lightly wounded.
You shoot a sling bullet.
The sling bullet closely misses the gnoll.
The sling bullet hits the gnoll.
The gnoll is heavily wounded.
The gnoll hits you with a +0 flail!
You shoot a sling bullet. The sling bullet hits the gnoll.
The gnoll is severely wounded.
The gnoll hits you but does no damage.
You shoot a sling bullet. The sling bullet hits the gnoll.
You kill the gnoll!
You shoot a sling bullet. The sling bullet hits the gnoll.
The gnoll is moderately wounded.
The gnoll hits you with a +0 hand axe. The gnoll closely misses you.
The gnoll hits you with a +0 hand axe.
The gnoll hits you from afar with a +0 halberd.
You shoot a sling bullet. The sling bullet hits the gnoll.
The gnoll is heavily wounded.
The gnoll hits you from afar with a +0 halberd!
You die...

#######.#............. ##.
...............##.#.# #####>.
#######.#.#.###.#.#.#... ...##.
...####.#.#.# #...)....)..###.##.
##........#.###.###.#............
...#....####...## .##.###.###
#.###.### ##.## ..##>##..# .##
##.######.#####.#........####
#.###.##........@ggJ........%...#
...#.....####..######.###.#..##.#
###.###### #..# #.#..##.# # #.#
#..# . #...... # #.# #..# ^
##.##.# # #.# #..# ...##.# # #.#
#... ... ..#####.# ###.# #..#
##.. . #.# ....# ..# #.#


You could see 2 gnolls and an endoplasm.

Vanquished Creatures
  2 gnolls (D:2)
  2 adders (D:2)
  2 worms (D:2)
  6 bats
  5 endoplasms
  2 giant cockroaches
  2 goblins (D:2)
  3 hobgoblins (D:1)
  4 jackals (D:1)
  2 ball pythons
  4 frilled lizards
  2 kobolds (D:1)
  A rat (D:1)
37 creatures vanquished.

Notes
Turn   | Place    | Note
-------+----------+-------------------------------------------
     0 | D:1      | qw the Gargoyle Hexslinger began the quest for the Orb.
     0 | D:1      | Reached XP level 1. HP: 12/12 MP: 2/2
     0 | D:1      | 0 ||| qw: Version: 0.3-a-46-gb1f654a
     0 | D:1      | 0 ||| qw: Game counter: 2740
     0 | D:1      | 0 ||| qw: Melee chars always use a shield: true
     0 | D:1      | 0 ||| qw: God list: Okawaru
     0 | D:1      | 0 ||| qw: Allow faded altars: false
     0 | D:1      | 0 ||| qw: Do Orc after clearing Dungeon:15 true
     0 | D:1      | 0 ||| qw: Do second Lair branch before Depths: true
     0 | D:1      | 0 ||| qw: Lair rune preference: random
     0 | D:1      | 0 ||| qw: Goals: Normal
     0 | D:1      | 0 ||| PLANNING D:1-11
   177 | D:1      | Reached XP level 2. HP: 16/16 MP: 3/3
   223 | D:1      | Reached skill level 3 in Ranged Weapons
   444 | D:1      | Reached XP level 3. HP: 11/21 MP: 4/4
   528 | D:1      | Found Dumetan's Book Emporium.
   611 | D:1      | 611 ||| DROPPING ring of flight.
   612 | D:1      | 612 ||| READING scroll labelled ZUAC HORASI.
   613 | D:1      | 613 ||| READING scroll labelled IHOACZ JICI.
   616 | D:1      | 616 ||| READING scroll labelled JUFIUH ATOXI.
   617 | D:1      | 617 ||| READING scroll labelled ELISHR APNA.
   618 | D:1      | 618 ||| DRINKING 2 golden potions.
   619 | D:1      | 619 ||| DROPPING scroll of poison.
   671 | D:2      | HP: 1/21 [worm (10)]
   958 | D:2      | Reached XP level 4. HP: 19/26 MP: 5/5
  1099 | D:2      | Reached skill level 4 in Ranged Weapons
  1106 | D:2      | Slain by a gnoll

Levels and vault maps discovered:
D:1:      minmay_arrival_shoal_huts, layout_loops_ring, serial_shops,
          nicolae_shop_pleasant_corner_grove, grunt_decor_one_mirror
D:2:      layout_loops_ring, chequers_serial_rivers_small_b

Skill      XL: |  1  2  3  4 |
---------------+-------------+-----
Ranged Weapons | 3 4 |  4.2
Fighting       | 2 |  2.0
Dodging        | |  1.5
Spellcasting   | |  1.0
Hexes          | |  2.6

Action                     |  1- 3 |  4- 6 || total
---------------------------+-------+-------++-------
   Fire: Sling             |   109 |    19 ||   128
    Use: Scroll            |     4 |       ||     4
         Potion            |     1 |       ||     1
 Armour: Robe              |    12 |     2 ||    14
  Dodge: Dodged            |    36 |     2 ||    38

Table legend:
 A = Non-vault XP
 B = Vault XP
 C = Vault XP percentage of total XP
 D = Non-vault monster count
 E = Vault monster count
 F = Vault count percentage of total count
                 A         B        C        D         E       F
            +---------+---------+-------+---------+---------+-------
      Total |     116 |       0 |   0.0 |      37 |       0 |   0.0
            +---------+---------+-------+---------+---------+-------
        D:1 |      34 |       0 |   0.0 |      21 |       0 |   0.0
        D:2 |      82 |       0 |   0.0 |      16 |       0 |   0.0
            +---------+---------+-------+---------+---------+-------
